 Dungeon Crawl Stone Soup version 0.21-a0-442-g848f44b (webtiles) character file.

333 4thArraOfDagon the Chopper (level 6, 0/73 HPs)
             Began as a Minotaur Abyssal Knight on Nov 16, 2017.
             Was a Believer of Lugonu.
             Slain by an ogre
             ... wielding a +0 giant club
              (8 damage)
             ... on level 4 of the Dungeon.
             The game lasted 00:06:09 (2112 turns).

4thArraOfDagon the Chopper (MiAK)                   Turns: 2112, Time: 00:06:10

Health: 0/73       AC: 23    Str: 16    XL:     6   Next: 27%
Magic:  7/7        EV:  2    Int: 11    God:    Lugonu [**....]
Gold:   224        SH:  0    Dex: 10    Spells: 5/5 levels left

rFire    . . .     SeeInvis .   a - +1 hand axe
rCold    . . .     Gourm    .   (no shield)
rNeg     + + +     Faith    .   (armour currently unavailable)
rPois    +         Spirit   .   (helmet currently unavailable)
rElec    .         Reflect  .   (cloak currently unavailable)
rCorr    +         Harm     .   (gloves currently unavailable)
MR       .....     NoTele   +   (boots currently unavailable)
Stlth    ++........             (no amulet)
HPRegen  0.22/turn              e - ring of stealth
MPRegen  0.10/turn              u - ring of resist corrosion

@: confused, tree-form
A: (retaliatory headbutt), frail 1
a: Depart the Abyss, Bend Space, Renounce Religion


You were on level 4 of the Dungeon.
You worshipped Lugonu.
Lugonu was pleased with you.
You were not hungry.
You were a tree.
You visited 1 branch of the dungeon, and saw 4 of its levels.
You visited the Abyss 1 time.

You collected 224 gold pieces.

Inventory:

Hand Weapons
 a - a +1 hand axe (weapon)
Missiles
 l - 8 curare-tipped needles
Armour
 b - a +0 leather armour
 d - a +0 chain mail (melded)
 n - a +0 cloak (melded)
Jewellery
 e - a ring of stealth (left branch)
 q - an uncursed ring of protection from cold
 u - a ring of resist corrosion (right branch)
 w - a -3 ring of strength
Wands
 r - a wand of digging (13/24)
Scrolls
 f - a scroll of fear {unknown}
 h - a scroll of teleportation
 i - a scroll of immolation
 j - a scroll of magic mapping
 m - a scroll of remove curse
 o - a scroll of blinking {unknown}
 p - a scroll of amnesia {unknown}
Potions
 g - 2 potions of mutation
 s - 2 potions of magic
 v - 2 potions of might
Books
 t - a book of Changes

   Spells                             Type                      Level
   a - Beastly Appendage              Transmutation                1
   b - Sticks to Snakes               Transmutation                2
   c - Spider Form                    Transmutation/Poison         3
   d - Ice Form                       Ice/Transmutation            4
   e - Blade Hands                    Transmutation                5
Comestibles
 c - 2 bread rations
 k - 3 meat rations


   Skills:
 + Level 4.9 Fighting
 * Level 5.4 Axes
 + Level 4.1 Armour
 - Level 1.1 Dodging
 + Level 3.3 Invocations


You had 5 spell levels left.
You didn't know any spells.

Dungeon Overview and Level Annotations

Branches:
Dungeon (4/15)
 Temple: D:4-7

Altars:


Innate Abilities, Weirdness & Mutations

((You reflexively headbutt those who attack you in melee.))
((You have a pair of horns on your head.))
You are frail. (-10% HP)


Message History

Unknown command.
Unknown command.
The ogre hits you with a giant club!
* * * LOW HITPOINT WARNING * * *
Unknown command.
Unknown command.
The orc wizard gestures wildly while chanting.
The orc wizard blinks!
Unknown command.
You turn into a tree.
Your +0 cloak melds into your body.
Your +0 chain mail melds into your body.
Your roots penetrate the ground.
Unknown command.
It was a potion of mutation.
You feel extremely strange.
You feel frail.
You feel stupid.
You feel clever.
Unknown command.
It was a potion of ambrosia.
You are confused.
You feel invigorated. The ogre hits you with a giant club!
You die...

#.......o...## ##...........##
### #...#..........###...###
#...###......#...........# ...
#..## ##.....##....###.... ..##
#.#####.................. ....
#............####...#.####.####
######.......####..........
#........♣O.o....####
##......########(.# ##.....##
...# #.......# #...#...
#.......# #...## #.......#
##.....## ##...## #####


You could see an ogre and an orc wizard.

Vanquished Creatures
  A scorpion (D:4)
  A howler monkey (D:4)
  A hound (D:4)
  An iguana (D:4)
  A worker ant (D:4)
  3 gnolls (D:3)
  6 adders
  2 worms
  A dart slug (D:4)
  A leopard gecko (D:1)
  9 orcs
  8 bats
  2 giant cockroaches
  4 goblins
  6 hobgoblins
  3 jackals (D:2)
  9 kobolds
  3 quokkas
  2 ball pythons (D:1)
  5 frilled lizards
  6 rats
75 creatures vanquished.

Vanquished Creatures (collateral kills)
  A gnoll (D:3)
1 creature vanquished.

Vanquished Creatures (others)
  A lurking horror (Abyss:2)
1 creature vanquished.

Grand Total: 77 creatures vanquished

Notes
Turn   | Place    | Note
-------+----------+-------------------------------------------
     0 | Abyss:1  | 4thArraOfDagon the Minotaur Abyssal Knight began the quest for the Orb.
     0 | Abyss:1  | Reached XP level 1. HP: 19/19 MP: 1/1
    66 | Abyss:2  | Noticed an efreet
    66 | Abyss:2  | Noticed a freezing wraith
    76 | Abyss:2  | Noticed a wretched star
    77 | D:1      | Escaped the Abyss
    90 | D:1      | Reached * piety under Lugonu
   110 | D:1      | Reached XP level 2. HP: 22/27 MP: 2/2
   299 | D:1      | Reached skill level 3 in Axes
   530 | D:1      | Thaneod: Nebu cg with last combo!
   834 | D:2      | Reached XP level 3. HP: 31/33 MP: 3/3
   836 | D:2      | Nebukadnezar: 'cg' ?
   987 | D:2      | Thaneod: congratulations!
  1236 | D:2      | Reached XP level 4. HP: 27/40 MP: 4/4
  1512 | D:3      | Nebukadnezar: it was a HO ! One shouldn't die with that when equipped ;)
  1577 | D:3      | Reached ** piety under Lugonu
  1577 | D:3      | Reached skill level 4 in Axes
  1624 | D:3      | Nebukadnezar: it wa uppoed to be the easy combo to lengthen my (gone) treak
  1740 | D:3      | Reached XP level 5. HP: 26/47 MP: 6/6
  1940 | D:4      | Noticed an ogre
  2007 | D:4      | Reached skill level 5 in Axes
  2007 | D:4      | Reached XP level 6. HP: 33/55 MP: 7/7
  2107 | D:4      | HP: 2/55 [ogre/giant club (13)]
  2111 | D:4      | Gained mutation: You are frail. (-10% HP) [potion of mutation]
  2111 | D:4      | Gained mutation: You are dopey. (Int -2) [potion of mutation]
  2111 | D:4      | Lost mutation: You are dopey. (Int -2) [potion of mutation]
  2112 | D:4      | Slain by an ogre

Vault maps used:
D:1:      evilmike_arrival_plus
D:2:      kennysheep_generic_room_10
D:3:      kennysheep_generic_room_11
D:4:      gammafunk_temple_overflow_wave, first_bread
Abyss:2:  evilmike_abyss_exit_plants

Skill      XL: |  1  2  3  4  5 |
---------------+----------------+-----
Invocations    | 2 3 |  3.3
Axes           | 3 4 5 |  5.4
Fighting       | 4 |  4.9
Armour         | 3 4 |  4.1
Dodging        | |  1.1

Action                   |  1- 3 |  4- 6 || total
-------------------------+-------+-------++-------
Melee: Hand axe          |   100 |   121 ||   221
       Headbutt          |     9 |    19 ||    28
Invok: Depart the Abyss  |     1 |       ||     1
  Use: Scroll            |       |    11 ||    11
       Potion            |       |     4 ||     4
  Eat: Chunk             |     1 |     1 ||     2
       Royal jelly       |       |     1 ||     1
Armor: Leather armour    |     4 |       ||     4
       Chain mail        |    54 |    99 ||   153
Dodge: Dodged            |    55 |    48 ||   103

Table legend:
 A = Spawn XP
 B = Non-spawn XP
 C = Spawn XP percentage of total XP
 D = Spawn monster count
 E = Non-spawn monster count
 F = Spawn count percentage of total count
 G = Total turns spent on level
                    A         B        C        D         E        F      G
               +---------+---------+-------+---------+---------+-------+---------
         Total |       0 |     476 |   0.0 |       0 |      76 |   0.0 |  2112
               +---------+---------+-------+---------+---------+-------+---------
           D:1 |       0 |      34 |   0.0 |       0 |      21 |   0.0 |   741
           D:2 |       0 |      67 |   0.0 |       0 |      16 |   0.0 |   656
           D:3 |       0 |     132 |   0.0 |       0 |      32 |   0.0 |   464
           D:4 |       0 |     243 |   0.0 |       0 |       7 |   0.0 |   174
               +---------+---------+-------+---------+---------+-------+---------
